Map: World of Sleepers LE

Players

liquidthermy (uThermal)

  • Race: Terran Terran
  • Spawn Location: 1:00

Special - Winner!

  • Race: Terran Terran
  • League: Master
  • Spawn Location: 7:00

Event: HomeStory Cup XX

VOD

Have the link to the VOD?

Description

Time

  • Played on: Nov. 22, 2019, 4:42 p.m.
  • Length: 9:59

All games in this series

Show
View Real Time Build Order
Export as new Build Order

liquidthermy Terran 

Build Orders: Mech 

Get SALT Encoding   

  12  0:01  SCV  
  13  0:13  SCV  
  14  0:17  Supply Depot  
  14  0:25  SCV  
  14  0:27  Refinery  
  15  0:38  SCV  
  16  0:44  Barracks  
  16  0:51  SCV  
  17  1:03  SCV  
  18  1:15  SCV  
  19  1:31  Orbital Command, Reaper  
  20  1:37  Bunker  
  20  1:41  Bunker  
  20  1:47  Factory  
  20  1:52  Supply Depot  
  20  1:58  SCV  
  21  2:03  Marine  
  22  2:10  SCV  
  23  2:20  Marine  
  23  2:22  SCV  
  25  2:31  Hellion  
  27  2:38  Marine  
  28  2:51  SCV  
  28  2:52  Hellion  
  28  2:57  Command Center  
  28  2:58  Marine  
  28  3:10  SCV  
  28  3:14  Hellion  
  28  3:16  Marine  
  23  3:28  SCV  
  24  3:39  Factory Tech Lab  
  24  3:40  Barracks Reactor, SCV  
  25  3:42  Starport  
  25  3:44  Refinery  
  25  3:52  SCV  
  26  4:04  SCV  
  26  4:07  Factory Tech Lab  
  26  4:09  Orbital Command  
  27  4:16  Bunker, SCV  
  27  4:17  Marine x2  
  28  4:26  Siege Tank  
  28  4:28  SCV  
  32  4:35  SCV  
  32  4:37  Marine  
  34  4:40  SCV  
  34  4:41  Marine  
  34  4:44  Orbital Command  
  36  4:52  SCV  
  37  4:54  Supply Depot  
  37  5:00  Marine x2  
  37  5:03  Raven  
  37  5:04  SCV  
  42  5:10  SCV  
  43  5:16  SCV  
  43  5:18  Marine x2  
  46  5:22  SCV  
  46  5:27  Siege Tank  
  50  5:28  Supply Depot  
  50  5:29  SCV  
  50  5:34  SCV  
  52  5:41  SCV  
  53  5:46  SCV  
  53  5:49  Command Center  
  54  5:53  SCV  
  55  5:58  Refinery, SCV  
  55  5:59  Refinery  
  55  6:03  Raven  
  58  6:05  SCV  
  58  6:09  Supply Depot  
  58  6:10  SCV  
  60  6:12  Marine x2  
  62  6:21  Supply Depot  
  62  6:31  Marine x2, Siege Tank, SCV x2  
  69  6:43  Supply Depot, SCV x2  
  69  6:55  SCV x2  
  69  7:00  Viking x2  
  75  7:03  Siege Tank  
  75  7:04  Orbital Command  
  75  7:07  SCV x2  
  79  7:16  Supply Depot  
  79  7:19  SCV x2  
  81  7:31  SCV x2  
  81  7:32  SCV  
  86  7:43  SCV  
  86  7:44  Siege Tank  
  78  7:48  SCV  
  80  7:51  Orbital Command  
  80  7:52  Factory x2  
  80  7:55  SCV  
  80  8:00  SCV  
  78  8:08  SCV  
  78  8:12  SCV  
  78  8:16  Siege Tank  
  78  8:17  Factory x2  
  78  8:18  SCV  
  82  8:20  SCV  
  82  8:24  SCV  
  79  8:30  SCV  
  79  8:32  SCV  
  81  8:34  Refinery  
  81  8:36  Refinery, SCV  
  81  8:38  Factory Reactor  
  82  8:42  SCV  
  82  8:44  SCV  
  82  8:48  SCV, Cyclone  
  87  8:54  SCV  
  87  8:55  Armory  
  89  8:56  SCV, Armory  
  89  9:00  SCV  
  89  9:02  Factory Tech Lab, Factory Reactor  
  91  9:06  SCV  
  91  9:08  SCV  
  93  9:10  Cyclone  
  93  9:13  SCV  
  97  9:19  SCV  
  97  9:20  SCV  
  97  9:23  Cyclone x2  
  99  9:25  SCV  
  99  9:27  Supply Depot  
  99  9:30  Supply Depot  
  101  9:31  SCV  
  101  9:39  SCV  
  101  9:40  Supply Depot  
Show
View Real Time Build Order
Export as new Build Order

Special Terran - Winner!

Build Orders:  

Get SALT Encoding   

  12  0:00  SCV  
  13  0:14  Supply Depot  
  13  0:17  SCV  
  14  0:40  Refinery, Barracks  
  14  0:54  Barracks  
  14  0:58  SCV  
  15  1:10  SCV  
  17  1:27  Orbital Command, Reaper  
  17  1:31  Refinery  
  17  1:41  Reaper  
  18  1:53  SCV  
  19  2:00  Reaper  
  19  2:01  Supply Depot  
  20  2:05  SCV  
  21  2:17  SCV  
  21  2:21  Factory  
  22  2:29  SCV  
  23  2:33  Reaper  
  24  2:37  Reaper  
  24  2:41  SCV  
  26  2:53  SCV  
  27  3:05  SCV  
  28  3:09  Factory Tech Lab  
  28  3:17  SCV  
  29  3:23  Command Center  
  26  3:29  Cyclone  
  26  3:33  SCV  
  28  3:36  Starport  
  28  3:49  Supply Depot, SCV  
  29  4:01  SCV  
  30  4:10  Cyclone  
  30  4:15  Command Center  
  33  4:17  Starport Tech Lab  
  33  4:19  SCV  
  34  4:31  SCV  
  34  4:35  Orbital Command  
  34  4:36  Raven  
  37  4:43  Siege Tank  
  37  4:45  SCV  
  41  4:49  Refinery  
  41  4:57  SCV  
  42  5:01  SCV  
  43  5:09  SCV  
  43  5:12  Refinery, Barracks Reactor  
  43  5:13  SCV  
  45  5:15  Siege Tank  
  45  5:21  SCV  
  49  5:25  SCV  
  49  5:27  Orbital Command  
  50  5:29  Barracks  
  50  5:32  Barracks  
  50  5:33  SCV  
  51  5:38  SCV  
  51  5:39  Raven  
  54  5:45  SCV  
  54  5:49  Marine x2, Supply Depot  
  57  5:50  Siege Tank, SCV  
  61  5:58  SCV x2  
  63  6:06  Orbital Command, SCV  
  63  6:10  SCV  
  66  6:11  Supply Depot  
  66  6:16  Supply Depot  
  66  6:18  SCV  
  66  6:22  SCV  
  66  6:24  Barracks Reactor  
  67  6:30  Marine, Barracks Reactor, SCV  
  67  6:31  Siege Tank  
  67  6:32  Viking x2  
  76  6:34  SCV  
  76  6:38  SCV  
  78  6:42  SCV  
  78  6:46  Supply Depot, SCV  
  80  6:48  Marine  
  80  6:50  SCV  
  80  6:52  Engineering Bay x2  
  82  6:54  SCV  
  82  6:58  SCV  
  82  7:00  Stimpack  
  82  7:01  Marine x2  
  84  7:02  SCV  
  84  7:06  Siege Tank  
  84  7:08  Marine x3  
  90  7:19  Marine  
  90  7:20  Viking x2  
  90  7:21  SCV x2  
  90  7:22  Marine  
  98  7:28  Marine x2  
  98  7:29  Marine  
  101  7:35  Supply Depot  
  101  7:37  Terran Infantry Weapons Level 1, SCV, Terran Infantry Armor Level 1  
  101  7:42  SCV  
  100  7:45  Siege Tank  
  101  7:53  Supply Depot  
  101  7:55  Supply Depot  
  101  7:56  Viking x2, SCV x2  
  101  7:57  Marine x2  
  109  8:00  Supply Depot  
  109  8:01  Marine  
  103  8:11  Marine x2  
  99  8:16  SCV x3  
  99  8:17  Siege Tank  
  105  8:20  Supply Depot  
  105  8:26  Medivac x2  
  109  8:28  Barracks x2  
  109  8:31  Marine  
  109  8:33  SCV x2  
  112  8:35  Refinery, SCV  
  112  8:36  Refinery  
  112  8:37  Armory  
  112  8:39  Marine  
  114  8:43  Marine  
  114  8:48  Marine x2  
  115  8:49  Marine  
  115  8:51  Siege Tank  
  115  8:53  SCV x3  
  124  8:57  Marine  
  124  9:00  Medivac x2  
  124  9:01  Marine  
  130  9:06  Marine x2  
  130  9:08  Marine  
  130  9:09  SCV  
  134  9:14  Marine  
  135  9:18  Marine  
  135  9:21  Marine  
  135  9:23  Siege Tank  
  140  9:28  SCV  
  140  9:31  Sensor Tower  
  141  9:40  Barracks Reactor  
  141  9:41  Barracks Reactor  
  141  9:44  Command Center  
Tags
 
Composition
Mech
League
Master
Matchup
TvT
Race
Terran
Spawn Locations
Cross Positions
Add a new tag
Caveats
  • Supply blocks, unpowered buildings, or Contaminate may cause inaccurate times.
  • Supply counts are checked every 10 seconds.